 Dungeon Sprint DCSS version 0.28-a0-1234-g826d19b2e0 (webtiles) character file.

Game seed: 15562907453985539620

2876 rocky1 the Fighter (level 9, -13/107 HPs)
             Began as an Ogre Hunter on Dec 24, 2021.
             Was a High Priest of Okawaru.
             Mangled by a large slime creature (26 damage)
             ... in the Dungeon (Sprint V: "Ziggurat Sprint").
             The game lasted 00:11:37 (1466 turns).

rocky1 the Fighter (Ogre Hunter)                    Turns: 1466, Time: 00:11:37

Health: -13/107    AC: 25    Str: 28    XL:     9   Next: 76%
Magic:  0/14       EV:  7    Int: 16    God:    Okawaru [*****.]
Gold:   0          SH:  0    Dex:  9    Spells: 8/8 levels left

rFire   + . .      SeeInvis .   M - +5 demon whip
rCold   + + .      Faith    .   Q - +3 kite shield
rNeg    . . .      Spirit   +   v - +5 gold dragon scales
rPois   +          Reflect  .   (helmet restricted)
rElec   +          Harm     .   (no cloak)
rCorr   .          Rampage  .   (gloves unavailable)
Will    .....      NoTele   +   (boots unavailable)
Stlth   ..........              T - amulet of guardian spirit
HPRegen 0.27/turn               H - +6 ring of strength
MPRegen 0.14/turn               W - ring "Unemiafa" {rElec rPois rC+ Int+4}

@: confused, heroic, on berserk cooldown, slowed, very slow
A: large, unfitting armour, tough skin 1
a: Renounce Religion, Heroism, Finesse


You were in the Dungeon.
You worshipped Okawaru.
Okawaru was extremely pleased with you.
You visited 1 branch

Inventory:

Hand Weapons
 J - the +7 great mace "Firestarter" {inner flame, rF++}
   (You found it in the Dungeon)

   It burns those it strikes, dealing additional fire damage.
   It fills those it strikes with an explosive inner flame.
   It grants immunity to clouds of flame.
   rF:        It greatly protects you from fire.
 K - the +8 lance "Wyrmbane" {slay drac, rPois rF+ rC+ AC+3}
   (You found it in the Dungeon)

   It inflicts extra damage against dragons and draconians.
   AC:        It affects your AC (+3).
   rF:        It protects you from fire.
   rC:        It protects you from cold.
   rPois:     It protects you from poison.
 L - the +6 shillelagh "Devastator" {shatter}
   (You found it in the Dungeon)

   It releases a powerful concussive burst when it strikes, dealing extra damage
   to the target and all other foes adjacent to them.
 M - a +5 demon whip (weapon)
 N - a +5 giant club
 O - a +5 giant spiked club of draining
 P - a +5 great mace
Missiles
 a - 2 boomerangs
 c - 10 large rocks (quivered)
 d - 2 throwing nets
Armour
 u - +5 fire dragon scales
 v - +5 gold dragon scales (worn)
 Q - a +3 kite shield (worn)
 R - a +3 tower shield
Jewellery
 H - a +6 ring of strength (left hand)
 T - an amulet of guardian spirit (around neck)
 W - the ring "Unemiafa" (right hand) {rElec rPois rC+ Int+4}
   (You found it in the Dungeon)

   [ring of poison resistance]

   Int:       It affects your intelligence (+4).
   rC:        It protects you from cold.
   rElec:     It insulates you from electricity.
   rPois:     It protects you from poison.
Wands
 z - a wand of mindburst (7)
 A - a wand of iceblast (7)
 B - a wand of acid (7)
Scrolls
 b - 4 scrolls of enchant armour
 j - 4 scrolls of blinking
 k - 4 scrolls of amnesia
 l - 7 scrolls of fog
 m - a scroll of holy word
 n - 5 scrolls of identify
 o - 2 scrolls of fear
Potions
 e - 8 potions of curing
 f - 7 potions of heal wounds
 g - 6 potions of haste
 h - 6 potions of magic
 i - a potion of berserk rage
 p - 2 potions of brilliance
 q - 2 potions of invisibility
 r - 4 potions of resistance
 t - 5 potions of might
Miscellaneous
 s - a tin of tremorstones (2/2)
 V - a phial of floods


   Skills:
 + Level 12.5(17.5) Fighting
 + Level 8.0(13.0) Maces & Flails
 + Level 6.1(11.1) Throwing
 + Level 8.0(13.0) Armour
 + Level 9.2(14.2) Dodging
 - Level 0.6(5.6) Stealth
 + Level 7.9(12.9) Shields
 - Level 7.4 Invocations


You had 8 spell levels left.
You didn't know any spells.
Your spell library contained the following spells:

 Spells                   Type           Power      Damage    Failure   Level
 Blink                    Tloc           0%         N/A       100%        2
 Corpse Rot               Necr/Air       0%         N/A       100%        2
 Poisonous Vapours        Pois/Air       0%         N/A       100%        2
 Scorch                   Fire           0%         2d5       100%        2
 Lesser Beckoning         Tloc           0%         N/A       100%        3
 Flame Wave               Conj/Fire      0%         2d4       100%        4
 Passage of Golubria      Tloc           0%         N/A       100%        4
 Manifold Assault         Tloc           0%         N/A       100%        5
 Yara's Violent Unravell  Hex/Tmut       0%         3d3       100%        5
 Tukima's Dance           Hex            Unusable   N/A       N/A         3
 Summon Cactus Giant      Summ           Unusable   N/A       N/A         6
 Malign Gateway           Summ/Tloc      Unusable   N/A       N/A         7
 Summon Horrible Things   Summ           Unusable   N/A       N/A         8

Dungeon Overview and Level Annotations

Branches:
Dungeon (1/1)

Altars:
Ashenzari
Cheibriados
Dithmenos
Elyvilon
Fedhas
Gozag
Hepliaklqana
Kikubaaqudgha
Makhleb
Nemelex Xobeh
Okawaru
Qazlal
Ru
Sif Muna
Trog
Uskayaw
Vehumet
Wu Jian
Xom
Yredelemnul
Zin
The Shining One
Beogh
Jiyva
Lugonu

Annotations:
D 1 transporter


Innate Abilities, Weirdness & Mutations

You are too large for most types of armour.
You have tough skin. (AC +1)


Message History

You feel yourself slow down.
The golden eye turns its gaze towards you.
The golden eye blinks at you.
You are more confused.
The slime creature closely misses you.
The slime creature hits you but does no damage.
You miss the golden eye.
The golden eye is moderately wounded.
The slime creature hits you but does no damage. x2
The slime creature closely misses you.
You bump into the unnaturally hard rock wall.
The golden eye blinks at you.
You are more confused.
The slime creature hits you but does no damage. x2
The slime creature hits you.
* * * LOW HITPOINT WARNING * * *
You bump into the unnaturally hard rock wall.
The golden eye blinks at you.
You easily resist.
The slime creature barely misses you.
The slime creature hits you but does no damage. x2
You bump into the unnaturally hard rock wall.
The golden eye blinks at you.
You are more confused.
The slime creature hits you.
* * * LOW HITPOINT WARNING * * *
The slime creature completely misses you.
The slime creature hits you but does no damage.
You completely miss the golden eye.
The golden eye is moderately wounded.
The slime creature hits you but does no damage.
The golden eye blinks at you. You resist with almost no effort.
Two slime creatures merge to form a large slime creature.
The golden eye blinks at you. You resist with almost no effort.
You're too confused to move!
The golden eye turns its gaze towards you.
The golden eye blinks at you. You resist with almost no effort.
The large slime creature hits you!!
You die...

▓...||..▓
▓.......▓
▓.......▓
▓.......▓
▓.))....▓
▓.▓÷).▓.▓
▓...©...▓
▓▓▓▓▓▓▓▓▓
▓.@8©8..▓
▓JG[:)..▓
▓..)):..▓
▓.......▓
▓.......▓
▓.......▓
▓.......▓
▓.......▓
▓(..©...▓


You could see a large slime creature and a golden eye.

Vanquished Creatures
  A very ugly thing (D)
  A cyclops (D)
  A vault sentinel (D)
  2 merfolk (D)
  A wind drake (D)
  A slime creature (D)
  A hell hound (D)
  A necrophage (D)
  2 centaurs (D)
  A small abomination (D)
  3 jellies (D)
  A quasit (D)
  An iron imp (D)
  A shadow imp (D)
  3 white imps (D)
  2 ufetubi (D)
  An adder skeleton (D)
  An adder zombie (D)
  A ball python skeleton (D)
  A ball python zombie (D)
27 creatures vanquished.

Notes
Turn   | Place    | Note
-------+----------+-------------------------------------------
     0 | D        | rocky1 the Ogre Hunter began the quest for the Orb.
     0 | D        | Reached XP level 1. HP: 22/22 MP: 1/1
     0 | D        | Found a blossoming altar of Fedhas.
     0 | D        | Found the +6 Majin-Bo {vamp, MP+6 Int+6}
     0 | D        | Found the +9 heavy crossbow "Sniper" {vorpal, Acc+∞ SInv}
     0 | D        | Found the +10 dark maul {vorpal}
     0 | D        | Found the +15 Maxwell's patent armour {-Cast -Tele rElec
                  | Will+ rCorr}
     0 | D        | Found the +18 shield of the Gong {rElec rN+ Will+ EV-5}
     0 | D        | Found the +14 obsidian axe {vorpal, Mesm Drain Fly SInv}
     0 | D        | Found the +7 great mace "Firestarter" {inner flame, rF++}
     0 | D        | Found the +6 shillelagh "Devastator" {shatter}
     0 | D        | Found the +11 plutonium sword {Contam Stlth-}
     0 | D        | Found the +8 lance "Wyrmbane" {slay drac, rPois rF+ rC+
                  | AC+3}
     0 | D        | Found the +9 sword of Zonguldrok {reap}
     0 | D        | Found the +13 scythe of Curses {drain, Drain}
     0 | D        | Found the +5 sword of Power {vorpal}
     0 | D        | Found the +7 mace of Variability {chain chaos}
     0 | D        | Found the +7 Singing Sword {vorpal, sonic wave}
     0 | D        | Found the +8 storm bow {elec, penet}
     1 | D        | Found a transporter.
     1 | D        | Found a viscous altar of Jiyva.
     1 | D        | Found an ancient bone altar of Kikubaaqudgha.
     1 | D        | Found a hazy altar of Hepliaklqana.
     1 | D        | Found a corrupted altar of Lugonu.
     1 | D        | Found an opulent altar of Gozag.
     1 | D        | Found a burning altar of Makhleb.
     3 | D        | Found a sacrificial altar of Ru.
     3 | D        | Found a stormy altar of Qazlal.
     3 | D        | Found a shimmering blue altar of Sif Muna.
     3 | D        | Found an iron altar of Okawaru.
     3 | D        | Found a bloodstained altar of Trog.
     3 | D        | Found a sparkling altar of Nemelex Xobeh.
    85 | D        | Reached skill level 5 in Fighting
    85 | D        | Reached XP level 2. HP: 35/35 MP: 2/2
   146 | D        | Became a worshipper of Warmaster Okawaru
   169 | D        | Entered arena 2.
   169 | D        | Noticed a necrophage
   169 | D        | Found a transporter.
   175 | D        | Killed a necrophage
   176 | D        | Reached skill level 7 in Fighting
   176 | D        | Reached skill level 5 in Dodging
   176 | D        | Reached XP level 3. HP: 40/46 MP: 3/3
   176 | D        | Reached XP level 4. HP: 48/55 MP: 4/4
   212 | D        | Entered arena 3.
   212 | D        | Noticed a slime creature
   212 | D        | Noticed a vault sentinel
   212 | D        | Noticed a red very ugly thing
   212 | D        | Found a transporter.
   218 | D        | Killed a slime creature
   218 | D        | Reached * piety under Okawaru
   218 | D        | Reached ** piety under Okawaru
   219 | D        | Reached skill level 8 in Fighting
   219 | D        | Reached skill level 5 in Armour
   219 | D        | Reached XP level 5. HP: 66/66 MP: 4/7
   219 | D        | Reached XP level 6. HP: 74/74 MP: 4/8
   225 | D        | Killed a vault sentinel
   226 | D        | Reached skill level 9 in Fighting
   226 | D        | Reached skill level 5 in Maces & Flails
   226 | D        | Reached skill level 5 in Shields
   226 | D        | Reached skill level 5 in Invocations
   226 | D        | Reached XP level 7. HP: 63/84 MP: 4/11
   240 | D        | Killed a red very ugly thing
   240 | D        | Reached *** piety under Okawaru
   240 | D        | Reached **** piety under Okawaru
   240 | D        | Received a gift from Okawaru
   241 | D        | Reached skill level 11 in Fighting
   241 | D        | Reached XP level 8. HP: 31/97 MP: 6/13
   536 | D        | Entered arena 4.
   536 | D        | Found a transporter.
   821 | D        | Entered arena 5.
   821 | D        | Found a transporter.
  1001 | D        | Entered arena 6.
  1001 | D        | Found a transporter.
  1027 | D        | Got the ring "Unemiafa" {rElec rPois rC+ Int+4}
  1078 | D        | Entered arena 7.
  1078 | D        | Noticed a cyclops
  1078 | D        | Noticed a wind drake
  1078 | D        | Noticed a merfolk
  1078 | D        | Noticed a merfolk
  1084 | D        | Found a transporter.
  1103 | D        | Killed a cyclops
  1104 | D        | Reached skill level 5 in Throwing
  1104 | D        | Reached XP level 9. HP: 60/106 MP: 3/14
  1111 | D        | Killed a wind drake
  1112 | D        | Reached skill level 12 in Fighting
  1114 | D        | Killed a merfolk
  1128 | D        | Killed a merfolk
  1128 | D        | Reached ***** piety under Okawaru
  1396 | D        | Entered arena 8.
  1396 | D        | Found the +7 Spriggan's Knife {stab, EV+4 Stlth+}
  1398 | D        | Found a transporter.
  1420 | D        | HP: 5/107 [slime creature (6)]
  1466 | D        | Mangled by a large slime creature

Illustrated notes

Levels and vault maps discovered:
D:        sprint_v [room_start, room_1, room_2, room_3, room_4, room_5, room_6,
          room_7, room_8, room_9, room_10, room_11, room_12, room_13, room_14,
          room_15, room_16, room_17, room_18, room_19, room_20, room_21,
          room_22, room_23, room_24, room_25, room_26, room_27]

Skill      XL: |  1  2  3  4  5  6  7  8  9 |
---------------+----------------------------+-----
Fighting       | 5 7 8 9 11 12 | 12.5
Maces & Flails | 2 4 5 6 7 8 |  8.0
Armour         | 2 4 5 6 7 8 |  8.0
Dodging        | 3 5 6 7 8 9 |  9.2
Shields        | 2 4 5 6 7 |  7.9
Invocations    | 3 5 7 |  7.4
Throwing       | 5 6 |  6.1
Stealth        | |  0.6

Action                   |  1- 3 |  4- 6 |  7- 9 || total
-------------------------+-------+-------+-------++-------
Melee: Demon whip        |     5 |    14 |   126 ||   145
Throw: Large rock        |       |       |     1 ||     1
Invok: Heroism           |       |       |     2 ||     2
       Finesse           |       |       |     1 ||     1
  Use: Potion            |     1 |     1 |     7 ||     9
       Scroll            |       |     1 |     1 ||     2
Armor: Fire dragon scale |     3 |     4 |    40 ||    47
       Gold dragon scale |       |       |    52 ||    52
Dodge: Dodged            |     2 |     2 |    55 ||    59
Block: Kite shield       |     5 |     4 |    95 ||   104

Table legend: (Time is in decaauts)
 A = Elapsed time spent in this place.
 B = Non-inter-level travel time spent in this place.
 C = Inter-level travel time spent in this place.
 D = Time resting spent in this place.
 E = Time spent auto-exploring this place.
 F = Levels seen in this place.
 G = Mean time per level.
                   A        B        C        D        E       F      G
               +--------+--------+--------+--------+--------+-----+--------+
         Total |   1423 |   1423 |      0 |    920 |      0 |   1 | 1423.0 |
       Dungeon |   1423 |   1423 |      0 |    920 |      0 |   1 | 1423.0 |
               +--------+--------+--------+--------+--------+-----+--------+

Top non-repeatable levels by time:
       D: 1423 daAuts
